 Dungeon Crawl Stone Soup version 0.19.5 (webtiles) character file.

259 equalderp2856 the Scratcher (level 5, -3/24 HPs)
             Began as a Felid Fighter on Mar 7, 2017.
             Splashed by Eustachio's acid (13 damage)
             ... on level 4 of the Dungeon.
             The game lasted 00:13:44 (4707 turns).

equalderp2856 the Scratcher (Felid Fighter)         Turns: 4707, Time: 00:13:44

Health: -3/24      AC:  1    Str: 13    XL:     5   Next: 95%
Magic:  6/6        EV: 20    Int: 10    God:
Gold:   169        SH:  0    Dex: 15    Spells: 0 memorised, 4 levels left
                                        Lives:  0   Deaths: 1

rFire  . . .     SeeInvis +       - Unarmed
rCold  . . .     Gourm    .     (armour unavailable)
rNeg   . . .     Faith    .     (shield unavailable)
rPois  .         Spirit   .     (helmet unavailable)
rElec  .         Reflect  .     (cloak unavailable)
rCorr  .         Harm     .     (gloves unavailable)
MR     .....                    (boots unavailable)
Stlth  +++.......               (no amulet)
                                (no ring)
                                (no ring)

@: quick
A: no armour, no weapons or thrown items, stealth, claws 1, fangs 3, see
invisible, carnivore 3, speed 1, shaggy fur 1, slow metabolism 1, sharp paws
a: no special abilities


You were on level 4 of the Dungeon.
You were full.

You visited 1 branch of the dungeon, and saw 4 of its levels.

You collected 169 gold pieces.

Inventory:

Missiles
 g - 44 arrows
Jewellery
 v - a +6 ring of protection {unknown}
Wands
 r - a wand of flame (24/48)
 s - a wand of lightning (7/15)
Scrolls
 c - a scroll of remove curse {unknown}
 e - 6 scrolls of identify {unknown}
 i - a scroll of teleportation {unknown}
 k - 3 scrolls of blinking {unknown}
 t - a scroll of amnesia {unknown}
 u - a scroll of noise {unknown}
 w - a scroll of fear {unknown}
 y - a scroll of magic mapping {unknown}
Potions
 a - a potion of might
 f - a potion of curing
 h - a potion of flight {unknown}
 j - a potion of invisibility {unknown}
 m - a potion of lignification {unknown}
 n - 2 potions of brilliance {unknown}
 p - a potion of agility {unknown}
 q - a potion of mutation {unknown}
 x - 2 potions of cure mutation {unknown}
 z - a potion of cancellation {unknown}
Comestibles
 b - a meat ration
 d - 3 fruits
 l - a slice of pizza
 o - 2 beef jerkies


   Skills:
 + Level 3.5 Fighting
 + Level 5.5 Dodging
 + Level 3.8 Stealth
 + Level 6.2 Unarmed Combat


You had 4 spell levels left.
You didn't know any spells.

Dungeon Overview and Level Annotations

Branches:
Dungeon (4/15)
 Temple: D:4-7

Altars:
Gozag
Kikubaaqudgha
Nemelex Xobeh
Qazlal

Annotations:
D:4 Eustachio


Innate Abilities, Weirdness & Mutations

You cannot wear armour.
You are incapable of wielding weapons or throwing items.
Your paws allow you to move quietly. (Stealth)
You have sharp claws.
You have razor-sharp teeth.
You have supernaturally acute eyesight. (SInv)
You are carnivorous and can eat meat at any time.
You cover ground quickly.
You are covered in fur. (AC +1)
You have a slow metabolism.
Your sharp claws are effective at attacking unaware monsters.


Message History

You claw the ogre!
The ogre is severely wounded.
You scratch the ogre.
The ogre is severely wounded.
The ogre misses you.
You barely miss the ogre.
The ogre is severely wounded.
The ogre misses you.
You claw the ogre!
You kill the ogre!
You see here a falchion.
You see here a howler monkey skeleton.
Eustachio is too close now for your liking.
Eustachio gestures wildly while chanting.
Eustachio blinks!
Eustachio zaps a wand.
The bolt of acid hits you!
Ouch! That really hurt!
You are splashed with acid!
The acid burns!
Ouch! That really hurt!
You die...

...# #.# .#.#######.#
...........#
...#####################
...#########............
........................
........................
.###########....@...§...
................@.......
..##########............
..# #...........( %.#
#............ .5######
#####+####### .@5.r..#
>.####†# ..# #o# ..# .o.


You could see Eustachio.

Vanquished Creatures
  An ogre (D:4)
  A howler monkey (D:4)
  2 worker ants
  4 gnolls (D:4)
  4 adders
  3 oozes
  An adder skeleton (D:4)
  4 worms
  3 leopard geckos
  5 orcs (D:4)
  3 giant cockroaches
  4 goblins (D:1)
  8 hobgoblins
  6 jackals
  7 kobolds
  2 quokkas (D:3)
  7 bats
  16 frilled lizards
  9 rats
90 creatures vanquished.

Notes
Turn   | Place    | Note
-------+----------+-------------------------------------------
     0 | D:1      | equalderp2856 the Felid Fighter began the quest for the Orb.
     0 | D:1      | Reached XP level 1. HP: 10/10 MP: 2/2
   456 | D:1      | Reached XP level 2. HP: 13/14 MP: 3/3
  1012 | D:1      | Reached XP level 3. HP: 17/17 MP: 4/4
  1217 | D:2      | Reached skill level 1 in Stealth
  1697 | D:2      | Found a stormy altar of Qazlal.
  1698 | D:2      | Found an ancient bone altar of Kikubaaqudgha.
  2191 | D:3      | Reached XP level 4. HP: 21/21 MP: 5/5
  2467 | D:3      | Reached skill level 5 in Unarmed Combat
  3276 | D:3      | Found a sparkling altar of Nemelex Xobeh.
  3276 | D:3      | Found an opulent altar of Gozag.
  3650 | D:4      | Reached XP level 5. HP: 23/24 MP: 6/6
  4046 | D:4      | Reached skill level 5 in Dodging
  4075 | D:4      | Noticed Eustachio
  4226 | D:4      | Slain by an orc
  4227 | D:4      | Reached XP level 4. HP: -1/21 MP: 5/5
  4258 | D:4      | Reached XP level 5. HP: 9/24 MP: 6/6
  4318 | D:4      | Reached skill level 6 in Unarmed Combat
  4643 | D:4      | Noticed an ogre
  4650 | D:4      | Killed an ogre
  4707 | D:4      | Splashed by Eustachio's acid

Skill      XL: |  1  2  3  4  5 |
---------------+----------------+-----
Stealth        | 1 2 3 |  3.8
Unarmed Combat | 5 6 |  6.2
Dodging        | 5 |  5.5
Fighting       | |  3.5

Action                   |  1- 3 |  4- 6 || total
-------------------------+-------+-------++-------
Melee: Unarmed           |   116 |   213 ||   329
       Bite              |     7 |    16 ||    23
       Punch             |     3 |     4 ||     7
  Use: Potion            |     1 |     1 ||     2
 Stab: Sleeping          |     5 |     5 ||    10
       Distracted        |       |     1 ||     1
  Eat: Chunk             |     9 |     6 ||    15
Armor: Skin              |    12 |    12 ||    24
Dodge: Dodged            |    98 |   230 ||   328
